 Dungeon Crawl Stone Soup version 0.23.1 (webtiles) character file.

Game seed: 546675482075070468

92 Freyura the Covert (level 4, 0/33 HPs)
             Began as a Vampire Assassin on Mar 12, 2019.
             Succumbed to a worker ant's poison
             ... on level 2 of the Dungeon.
             The game lasted 00:05:21 (1627 turns).

Freyura the Covert (Vampire Assassin)               Turns: 1627, Time: 00:05:21

Health: 0/33       AC:  4    Str: 10    XL:     4   Next: 35%
Magic:  4/4        EV: 12    Int: 13    God:
Gold:   112        SH:  0    Dex: 16    Spells: 3/3 levels left

rFire    . . .     SeeInvis +   a - +2 dagger
rCold    . . .     Gourm    .   (no shield)
rNeg     + . .     Faith    .   c - +0 robe
rPois    .         Spirit   .   (no helmet)
rElec    .         Reflect  .   d - +0 cloak
rCorr    .         Harm     .   m - +0 pair of gloves
MR       .....                  (no boots)
Stlth    ++++......             (no amulet)
HPRegen  0.11/turn              (no ring)
MPRegen  0.09/turn              (no ring)

@: lethally poisoned (0 -> -6)
A: fangs 3, see invisible, unbreathing
a: Bat Form


You were on level 2 of the Dungeon.
You were not thirsty.

You visited 1 branch of the dungeon, and saw 2 of its levels.

You collected 112 gold pieces.

Inventory:

Hand Weapons
 a - a +2 dagger (weapon)
 b - a +0 blowgun
Missiles
 e - 8 poisoned needles
 f - 2 curare-tipped needles
Armour
 c - a +0 robe (worn)
 d - a +0 cloak (worn)
 m - a +0 pair of gloves (worn)
Wands
 n - a wand of random effects (14)
Scrolls
 h - 2 scrolls of remove curse {unknown}
 i - a scroll of teleportation {unknown}
 j - 2 scrolls of identify {unknown}
 k - a scroll of enchant armour {unknown}
 o - a scroll of random uselessness {unknown}
Potions
 g - a potion of blood


   Skills:
 - Level 1.7 Fighting
 + Level 3.3 Short Blades
 - Level 1.5 Throwing
 - Level 1.1 Dodging
 * Level 8.1 Stealth


You had 3 spell levels left.
You didn't know any spells.
Your spell library was empty.

Dungeon Overview and Level Annotations

Branches:
Dungeon (2/15)

Altars:


Innate Abilities, Weirdness & Mutations

You have razor-sharp teeth.
You have supernaturally acute eyesight. (SInv)
You can survive without breathing.


Message History

It was a potion of cancellation.
Your magical effects are unravelling.
You feel magically purged.
You float gracefully downwards.
The goblin closely misses you.
You hit the goblin.
You kill the goblin!
There is a lethal amount of poison in your body!
Okay, then.
Yummy - fresh blood!
There is a lethal amount of poison in your body!
* * * LOW HITPOINT WARNING * * *
You feel sick.
Things that are here:
a +0 dagger; a goblin corpse; a leopard gecko corpse
* * * LOW HITPOINT WARNING * * *
You feel sick.
Found a pair of boots.
The adder hisses angrily.
Found an orange potion.
You die...

##..... !...... #......
#?..S.. #..$... #[....
#.%..## #..@# ##..# #..# ##)#
######.######.#
...............# ####
.....##....##### >.[.
####...#.#...# ...
#....##########.....#........


You could see an adder.

Vanquished Creatures
  Jessica (D:2)
  A worker ant (D:2)
  An adder (D:2)
  A dart slug (D:1)
  3 leopard geckos
  4 bats
  3 giant cockroaches
  4 goblins
  A hobgoblin (D:1)
  A quokka (D:2)
  4 frilled lizards (D:1)
  4 kobolds (D:1)
  2 rats (D:1)
30 creatures vanquished.

Notes
Turn   | Place    | Note
-------+----------+-------------------------------------------
     0 | D:1      | Freyura the Vampire Assassin began the quest for the Orb.
     0 | D:1      | Reached XP level 1. HP: 16/16 MP: 1/1
    54 | D:1      | Reached skill level 6 in Stealth
   132 | D:1      | Reached XP level 2. HP: 13/22 MP: 2/2
  1153 | D:2      | Reached skill level 7 in Stealth
  1461 | D:2      | Reached XP level 3. HP: 27/27 MP: 3/3
  1502 | D:2      | Noticed Jessica
  1506 | D:2      | Killed Jessica
  1598 | D:2      | Reached XP level 4. HP: 33/33 MP: 4/4
  1617 | D:2      | Reached skill level 8 in Stealth
  1625 | D:2      | HP: 1/33 [poisoned by a worker ant]
  1627 | D:2      | Succumbed to a worker ant's poison

Skill      XL: |  1  2  3  4 |
---------------+-------------+-----
Stealth        | 6 7 8 |  8.1
Short Blades   | 3 |  3.3
Fighting       | |  1.7
Throwing       | |  1.5
Dodging        | |  1.1

Action                   |  1- 3 |  4- 6 || total
-------------------------+-------+-------++-------
Melee: Dagger            |    55 |    20 ||    75
       Bite              |     3 |     2 ||     5
  Use: Potion            |       |     3 ||     3
 Stab: Sleeping          |    14 |       ||    14
Armor: Robe              |     4 |     1 ||     5
Dodge: Dodged            |    20 |    13 ||    33
